AoeStats
← Livakovic

Arabia

503502764Analyzed
1v1 RM · 1mo ago on Sep 1, 2026· 34m 28s· 2 players
Game mode
Random Map
Map size
Tiny (2 player)
Population
200
Speed
Normal
Resources
Standard
Victory
Conquest
Starting age
Dark Age
Ending age
Imperial Age
RankedLock teamsTeams togetherTeam positionsShared explorationLock speedFull tech treeHidden civsTurbo modeCheats
Victory
Defeat
🇪🇸 Vietnamese · Spain
770
+14
🇦🇷 Franks · Argentina
725
-14
luismiasencio9
3:16 Loom
10:06 Feudal Age
10:38 Double-Bit Axe
12:23 Horse Collar
23:15 Castle Age
22:36 Fletching
24:23 Bodkin Arrow
24:29 Padded Archer Armor
24:44 Husbandry
24:55 Bloodlines
24:55 Scale Barding Armor
26:15 Gold Mining
29:31 Ballistics
Livakovic
5:06 Loom
11:16 Feudal Age
14:16 Double-Bit Axe
15:49 Wheelbarrow
23:12 Scale Barding Armor
23:17 Forging
23:17 Scale Barding Armor
26:36 Castle Age
24:59 Gold Mining
25:03 Stone Mining
26:33 Fletching
28:21 Husbandry
29:09 Bow Saw
29:40 Pikeman
30:22 Squires
Connection lost

Rejoining the realm…

Still unreachable

The connection could not be restored.

Session expired

The server has moved on; the page needs a fresh start.